 Dungeon Sprint DCSS version 0.27-a0-203-gd48b2df3c9 (webtiles) character file.

Game seed: 6379194683560590550

742 mhtbhm the Protected (level 7, -5/108 HPs)
             Began as a Minotaur Fighter on Jan 30, 2021.
             Was a Follower of Okawaru.
             Slain by an orange demon (8 damage)
             ... in the Dungeon (Sprint VII: "The Pits").
             The game lasted 00:01:59 (1023 turns).

mhtbhm the Protected (Minotaur Fighter)             Turns: 1023, Time: 00:02:00

Health: -5/108     AC: 12    Str: 23    XL:     7   Next: 47%
Magic:  6/6        EV: 10    Int:  5    God:    Okawaru [*.....]
Gold:   0          SH: 12    Dex:  9    Spells: 6/6 levels left

rFire    . . .     SeeInvis .   a - +2 hand axe
rCold    . . .     Faith    .   c - +0 kite shield
rNeg     . . .     Spirit   .   b - +3 scale mail
rPois    .         Reflect  .   (helmet restricted)
rElec    .         Harm     .   (no cloak)
rCorr    .         Rampage  .   (no gloves)
Will     .....     NoTele   +   (no boots)
Stlth    ..........             (no amulet)
HPRegen  0.28/turn              (no ring)
MPRegen  0.10/turn              (no ring)

@: berserking (expiring), lethally poisoned (-5 -> -13), very quick
A: retaliatory headbutt, horns 2
a: Renounce Religion, Heroism


You were in the Dungeon.
You worshipped Okawaru.
Okawaru was aware of your devotion.
You visited 1 branch

Inventory:

Hand Weapons
 a - a +2 hand axe (weapon)
Armour
 b - a +3 scale mail (worn)
 c - a +0 kite shield (worn)
Scrolls
 j - a scroll of blinking
 l - 3 scrolls of remove curse
 m - 5 scrolls of amnesia
 n - a scroll of summoning
Potions
 d - a potion of might
 e - 2 potions of curing
 f - 3 potions of heal wounds
 g - a potion of haste
 h - 4 potions of magic
 i - 2 potions of berserk rage
 k - 2 potions of invisibility


   Skills:
 + Level 10.3 Fighting
 + Level 9.4 Axes
 + Level 11.0 Armour
 + Level 3.0 Dodging
 + Level 0.2 Stealth
 + Level 10.0 Shields


You had 6 spell levels left.
You didn't know any spells.
Your spell library was empty.

Dungeon Overview and Level Annotations

Branches:
Dungeon (1/1)

Altars:
Ashenzari
Cheibriados
Dithmenos
Elyvilon
Fedhas
Gozag
Hepliaklqana
Kikubaaqudgha
Makhleb
Nemelex Xobeh
Okawaru
Qazlal
Ru
Sif Muna
Trog
Uskayaw
Vehumet
Wu Jian
Xom
Yredelemnul
Zin
The Shining One
Beogh
Jiyva
Lugonu


Innate Abilities, Weirdness & Mutations

You reflexively headbutt those who attack you in melee.
You have a pair of horns on your head.


Message History

You are lethally poisoned!
The orange demon poisons you!
The orange demon hits you but does no damage.
You slash the orange demon! You headbutt the orange demon!
The orange demon is heavily wounded.
* * * LOW HITPOINT WARNING * * *
You feel sick.
You slash the orange demon!
The orange demon is severely wounded.
* * * LOW HITPOINT WARNING * * *
You feel sick. You block the orange demon's attack.
The orange demon hits you but does no damage.
You slash the orange demon!
The orange demon is almost dead.
* * * LOW HITPOINT WARNING * * *
You feel sick.
You barely miss the orange demon. You headbutt the orange demon.
The orange demon is almost dead.
The orange demon stings you!
You die...

#.#..#..#))##.......#
#.#..#..#..##.......#
#.##'#†.#'###...<...#
#.#........##.......#
#)#...)....##.......#
#)###########.......#
#.......#..##########
#..#.#..#.# ###
#.##.##.#@# ...#
#.......#4#....#
#.##.##.#.'.4..+
#..#.#..#'#....#
#...÷...'.#....#
########### ####


You could see an orange demon.

Vanquished Creatures
  A soldier ant (D)
  A floating eye (D)
  An orc warrior (D)
  2 ogres (D)
  A scorpion (D)
  A crimson imp (D)
  A hound (D)
  An orc priest (D)
  2 iron imps (D)
  A mummy (D)
  A gnoll (D)
  3 adders (D)
  An ooze (D)
  An adder zombie (D)
  2 orcs (D)
  A ball python (D)
  A hobgoblin (D)
  A quokka (D)
  A jackal zombie (D)
  2 kobolds (D)
26 creatures vanquished.

Notes
Turn   | Place    | Note
-------+----------+-------------------------------------------
     0 | D        | mhtbhm the Minotaur Fighter began the quest for the Orb.
     0 | D        | Reached XP level 1. HP: 19/19 MP: 0/0
    10 | D        | Noticed a floating eye
    13 | D        | Killed a floating eye
    14 | D        | Reached skill level 7 in Armour
    14 | D        | Reached XP level 2. HP: 34/34 MP: 1/1
    14 | D        | Reached XP level 3. HP: 39/39 MP: 2/2
    14 | D        | Reached XP level 4. HP: 47/47 MP: 3/3
    18 | D        | Found a bloodstained altar of Trog.
    18 | D        | Found a shimmering blue altar of Sif Muna.
    18 | D        | Found a viscous altar of Jiyva.
    18 | D        | Found a hazy altar of Hepliaklqana.
    18 | D        | Found an opulent altar of Gozag.
    19 | D        | Found a glowing golden altar of the Shining One.
    19 | D        | Found a glowing silver altar of Zin.
    19 | D        | Found a basalt altar of Yredelemnul.
    19 | D        | Found a shimmering altar of Xom.
    19 | D        | Found an ornate altar of the Wu Jian Council.
    19 | D        | Found a sacrificial altar of Ru.
    19 | D        | Found a stormy altar of Qazlal.
    19 | D        | Found an iron altar of Okawaru.
    19 | D        | Found a sparkling altar of Nemelex Xobeh.
    19 | D        | Found a burning altar of Makhleb.
    19 | D        | Found a blossoming altar of Fedhas.
    19 | D        | Found a white marble altar of Elyvilon.
    19 | D        | Found a shadowy altar of Dithmenos.
    19 | D        | Found a snail-covered altar of Cheibriados.
    21 | D        | Found a radiant altar of Vehumet.
    21 | D        | Found a corrupted altar of Lugonu.
    21 | D        | Found a roughly hewn altar of Beogh.
    22 | D        | Found a hide-covered altar of Uskayaw.
    22 | D        | Found an ancient bone altar of Kikubaaqudgha.
    22 | D        | Found a broken altar of Ashenzari.
    29 | D        | Became a worshipper of Warmaster Okawaru
    99 | D        | Reached XP level 5. HP: 43/53 MP: 4/4
   185 | D        | Noticed an ogre
   186 | D        | Noticed an orc warrior
   194 | D        | Killed an ogre
   195 | D        | Reached skill level 5 in Axes
   195 | D        | Reached skill level 8 in Armour
   207 | D        | Reached skill level 9 in Armour
   207 | D        | Reached XP level 6. HP: 43/62 MP: 5/5
   218 | D        | Killed an orc warrior
   218 | D        | Reached * piety under Okawaru
   225 | D        | Reached skill level 10 in Armour
   225 | D        | Reached skill level 1 in Dodging
   644 | D        | Reached XP level 7. HP: 71/71 MP: 6/6
   650 | D        | Reached skill level 10 in Fighting
   972 | D        | Noticed an orange demon
  1019 | D        | Reached skill level 11 in Armour
  1019 | D        | Reached skill level 10 in Shields
  1019 | D        | HP: 5/108 [orange demon (6)]
  1022 | D        | HP: 2/108 [poisoned by an orange demon]
  1023 | D        | Slain by an orange demon

Illustrated notes

Levels and vault maps discovered:
D:        pitsprint [storerooms_1, entrance_room_1, metal_vault_8, armoury_3,
          mini_pit_1, grid_room_1, main_hall_1, silver_pit, the_coven_1,
          the_vestibule_1, steel_vault_4, golden_pit, hallway_of_sentries,
          crystal_vault_2, iron_vault_4, final_vault]

Skill      XL: |  1  2  3  4  5  6  7 |
---------------+----------------------+-----
Fighting       | 7 8 9 10 | 10.3
Axes           | 3 4 6 8 9 |  9.4
Armour         | 7 9 10 11 | 11.0
Shields        | 6 7 8 9 10 | 10.0
Dodging        | 1 3 |  3.0
Stealth        | |  0.2

Action                   |  1- 3 |  4- 6 |  7- 9 || total
-------------------------+-------+-------+-------++-------
Melee: War axe           |     2 |       |       ||     2
       Headbutt          |     1 |    14 |    12 ||    27
       Hand axe          |       |    61 |    57 ||   118
  Use: Potion            |       |     2 |     6 ||     8
Armor: Scale mail        |       |    13 |    17 ||    30
Dodge: Dodged            |       |    12 |    24 ||    36
Block: Kite shield       |       |    20 |    28 ||    48

Table legend: (Time is in decaauts)
 A = Elapsed time spent in this place.
 B = Non-inter-level travel time spent in this place.
 C = Inter-level travel time spent in this place.
 D = Time resting spent in this place.
 E = Time spent auto-exploring this place.
 F = Levels seen in this place.
 G = Mean time per level.
                   A        B        C        D        E       F      G
               +--------+--------+--------+--------+--------+-----+--------+
         Total |   1028 |   1028 |      0 |    680 |      0 |   1 | 1028.0 |
       Dungeon |   1028 |   1028 |      0 |    680 |      0 |   1 | 1028.0 |
               +--------+--------+--------+--------+--------+-----+--------+

Top non-repeatable levels by time:
       D: 1028 daAuts
